Whalers vs Sabres
(R1)
Created - 26 décembre 2012 at 19:14
Goals
|
| Whalers |
1 |
2 |
0 |
3 |
| Sabres |
0 |
2 |
0 |
2 |
|
Shots
|
| Whalers |
11 |
15 |
9 |
35 |
| Sabres |
16 |
12 |
9 |
37 |
|
1st period
1. Whalers , Joffrey Lupul 2 (Chad Kilger, Dominic Moore) at 11:22
Penalties :
Pavel Datsyuk (Har) for High sticking (Minor) at 4:26, Michal Rozsival (Buf) for Interference (Minor) at 5:29, Ray Whitney (Har) for Tripping (Minor) at 6:16, Todd Bertuzzi (Har) for Hooking (Minor) at 7:57, Ray Whitney (Har) for Hooking (Minor) at 14:04
2nd period
2. Sabres , Markus Naslund 12 (Mats Sundin, Ole-Kristian Tollefsen) at 0:10
3. Whalers , Antoine Vermette 7 (Mark Eaton, Todd Bertuzzi) at 2:05
4. Whalers , Andy McDonald 6 (Nils Ekman) at 12:06
5. Sabres , Andreas Johansson 4 (Markus Naslund, Michal Rozsival) at 14:48 (SH)
Penalties :
Mark Eaton (Har) for Hooking (Minor) at 4:06, Daniel Cleary (Buf) for Hooking (Minor) at 13:45
3rd period
No Goal
Penalties :
Chris Kelly (Har) for Tripping (Minor) at 2:43, Andreas Johansson (Buf) for Roughing (Minor) at 12:09, Ray Whitney (Har) for Hooking (Minor) at 14:51
Goalie Stats
Jonas Hiller (Har), 35 saves from 37 shots - (0,946), W, 4-7-1, 60:00 minutes
Niklas Backstrom (Buf), 32 saves from 35 shots - (0,914), L, 5-12-1, 59:00 minutes
Players Stats for Whalers
Player Name G A P +/- PIM S H SB GA TA FO MP PP MP PK MP
------------------------------------------------------------------------------------
Andy McDonald 1 0 1 0 0 4 1 0 0 1 0/0 17:24 1:45 4:16
Antoine Vermette 1 0 1 0 0 5 0 1 2 1 1/3 19:15 2:01 3:38
Chad Kilger 0 1 1 1 0 0 1 1 0 1 0/1 9:12 0:00 0:00
Chris Kelly 0 0 0 0 2 1 1 1 1 1 4/7 13:52 1:45 0:33
Darryl Sydor 0 0 0 -1 0 4 1 3 0 0 0/0 28:29 2:34 6:44
Dominic Moore 0 1 1 1 0 1 0 0 0 0 3/5 9:12 0:00 0:00
Filip Kuba 0 0 0 -1 0 3 1 1 0 0 0/0 28:29 2:34 6:44
Jaroslav Spacek 0 0 0 1 0 1 0 0 0 0 0/0 12:34 0:00 0:39
Jay McKee 0 0 0 1 0 0 0 0 0 0 0/0 19:36 1:24 4:52
Joffrey Lupul 1 0 1 1 0 2 0 1 1 0 0/2 9:36 0:12 0:00
Mark Eaton 0 1 1 1 2 1 0 1 0 1 0/0 18:56 1:24 4:13
Michael Rupp 0 0 0 0 0 0 0 0 0 0 2/3 8:12 0:12 0:00
Nils Ekman 0 1 1 0 0 2 3 0 0 0 1/1 12:52 1:45 0:00
Pavel Datsyuk 0 0 0 0 2 6 0 1 1 0 19/34 22:49 2:01 6:13
Ray Whitney 0 0 0 0 6 1 0 1 0 0 0/2 9:21 0:12 0:02
Richard Jackman 0 0 0 1 0 0 1 0 0 0 0/0 11:55 0:00 0:00
Sami Kapanen 0 0 0 0 0 1 0 0 0 0 2/4 11:06 0:00 2:15
Todd Bertuzzi 0 1 1 0 2 3 1 1 1 1 0/4 23:10 2:01 5:47
Players Stats for Sabres
Player Name G A P +/- PIM S H SB GA TA FO MP PP MP PK MP
------------------------------------------------------------------------------------
Andreas Johansson 1 0 1 1 2 4 5 0 1 1 0/0 16:34 6:46 0:14
Boyd Devereaux 0 0 0 -2 0 0 2 0 0 1 1/4 11:00 0:00 1:00
Brendan Morrison 0 0 0 0 0 2 0 0 0 0 12/20 16:07 6:46 0:00
Christian Laflamme 0 0 0 -2 0 1 1 2 0 1 0/0 17:36 0:00 2:41
Daniel Briere 0 0 0 0 0 6 0 0 0 0 7/12 14:06 0:07 2:21
Daniel Cleary 0 0 0 0 2 1 2 0 0 0 1/1 16:54 4:34 0:28
Dave Tanabe 0 0 0 -1 0 2 0 0 0 0 0/0 21:22 4:14 1:17
Ladislav Nagy 0 0 0 -2 0 1 0 0 0 0 0/0 10:35 0:00 0:23
Markus Naslund 1 1 2 1 0 3 0 1 0 0 0/2 20:46 4:34 1:08
Martin Sonnenberg 0 0 0 0 0 1 0 0 0 0 1/1 10:05 0:00 0:00
Mats Sundin 0 1 1 0 0 2 1 0 1 1 11/25 19:10 4:34 0:00
Mattias Timander 0 0 0 0 0 3 1 0 1 1 0/0 21:34 7:13 0:00
Michal Rozsival 0 1 1 1 2 0 1 0 0 0 0/0 20:15 4:01 1:17
Niclas Bergfors 0 0 0 0 0 4 0 0 1 0 1/1 15:57 6:46 0:00
Niclas Havelid 0 0 0 0 0 2 3 0 1 0 0/0 21:34 7:13 0:00
Niklas Sundstrom 0 0 0 -2 0 4 2 1 1 1 0/0 10:08 0:07 0:00
Ole-Kristian Tollefsen 0 1 1 0 0 1 1 4 0 0 0/0 17:38 0:12 2:41
Paul Gaustad 0 0 0 0 0 0 1 0 0 0 0/0 12:39 0:07 2:22
3 Stars
1 - Markus Naslund (Buf)
2 - Andreas Johansson (Buf)
3 - Jonas Hiller (Har)
Power Play
Whalers - 0 on 3 Attempt(s) - 0,00%
Sabres - 0 on 7 Attempt(s) - 0,00%
Penalty Kill
Whalers - 7 on 7 Attempt(s) - 100,00%
- Score 0 goal in Penalty Kill
Sabres - 3 on 3 Attempt(s) - 100,00%
- Score 1 goal in Penalty Kill
Official
Referees : LaRue Dennis and O'Rourke Dan
Linesman : Scott Cherrey and Pierre Champoux
Game Notes
No Game Note
Finance
Level 1 -- Attendance: 4601 (76,68%) -- Ticket Income 460 100 $
Level 2 -- Attendance: 3891 (77,82%) -- Ticket Income 233 460 $
Level 3 -- Attendance: 1258 (62,90%) -- Ticket Income 50 320 $
Level 4 -- Attendance: 3449 (86,23%) -- Ticket Income 68 980 $
Luxury Box -- Attendance: 981 (98,10%) -- Ticket Income 181 485 $
Game was played at the Duff Garden
Total Attendance: 14180 (78,78%)
Total Ticket Income: 994 345 $
Total Income: 994 345 $
Whalers
5 vs 5 Forward
Center Left Wing Right Wing Time % Phy DF OF
1 Pavel Datsyuk Antoine Vermette Todd Bertuzzi 40 1 2 2
2 Chris Kelly Andy McDonald Nils Ekman 30 1 2 2
3 Michael Rupp Ray Whitney Sami Kapanen 20 1 2 2
4 Dominic Moore Chad Kilger Joffrey Lupul 10 1 2 2
5 vs 5 Defense
Defense Defense Time % Phy DF OF
1 Darryl Sydor Filip Kuba 40 1 2 2
2 Jay McKee Mark Eaton 30 1 2 2
3 Richard Jackman Jaroslav Spacek 20 1 2 2
4 Darryl Sydor Filip Kuba 10 1 2 2
PowerPlay Forward
Center Left Wing Right Wing Time % Phy DF OF
1 Pavel Datsyuk Antoine Vermette Todd Bertuzzi 60 1 2 2
2 Chris Kelly Andy McDonald Nils Ekman 40 1 2 2
PowerPlay Defense
Defense Defense Time % Phy DF OF
1 Darryl Sydor Filip Kuba 60 1 2 2
2 Jay McKee Mark Eaton 40 1 2 2
Penalty Kill 4 Players Forward
Center Wing Time % Phy DF OF
1 Pavel Datsyuk Todd Bertuzzi 60 1 2 2
2 Antoine Vermette Andy McDonald 40 1 2 2
Penalty Kill 4 Players Defense
Defense Defense Time % Phy DF OF
1 Darryl Sydor Filip Kuba 60 1 2 2
2 Jay McKee Mark Eaton 40 1 2 2
Penalty Kill - 3 Players Forward
Forward Time % Phy DF OF
1 Pavel Datsyuk 60 1 2 2
2 Todd Bertuzzi 40 1 2 2
Penalty Kill - 3 Players Defense
Defense Defense Time % Phy DF OF
1 Darryl Sydor Filip Kuba 60 1 2 2
2 Jay McKee Mark Eaton 40 1 2 2
4 vs 4 Forward
Center Wing Time % Phy DF OF
1 Pavel Datsyuk Todd Bertuzzi 60 1 2 2
2 Antoine Vermette Andy McDonald 40 1 2 2
4 vs 4 Defense
Defense Defense Time % Phy DF OF
1 Darryl Sydor Filip Kuba 60 1 2 2
2 Jay McKee Mark Eaton 40 1 2 2
Last Minutes Offensive
Center Left Wing Right Wing Defense Defense
Pavel Datsyuk Antoine Vermette Todd Bertuzzi Darryl Sydor Filip Kuba
Last Minutes Defensive
Center Left Wing Right Wing Defense Defense
Pavel Datsyuk Antoine Vermette Todd Bertuzzi Darryl Sydor Filip Kuba
Goaltenders
Starting : Jonas Hiller
Backup : Vesa Toskala
Extra Forwards
Normal : Ray Whitney, Michael Rupp, Sami Kapanen - PP : Ray Whitney, Michael Rupp - PK : Sami Kapanen
Extra Defensemen
Normal : Richard Jackman, Jaroslav Spacek, Jay McKee - PP : Richard Jackman - PK : Jaroslav Spacek, Jay McKee
Penalty Shots
Pavel Datsyuk, Todd Bertuzzi, Antoine Vermette, Andy McDonald, Nils Ekman
Sabres
5 vs 5 Forward
Center Left Wing Right Wing Time % Phy DF OF
1 Mats Sundin Markus Naslund Daniel Cleary 32 2 1 2
2 Daniel Briere Paul Gaustad Niclas Bergfors 28 1 2 2
3 Brendan Morrison Andreas Johansson Martin Sonnenberg 26 1 3 1
4 Boyd Devereaux Ladislav Nagy Niklas Sundstrom 14 0 3 2
5 vs 5 Defense
Defense Defense Time % Phy DF OF
1 Ole-Kristian Tollefsen Michal Rozsival 36 1 3 1
2 Dave Tanabe Christian Laflamme 34 1 3 1
3 Mattias Timander Niclas Havelid 30 1 3 1
4 Mattias Timander Niclas Havelid 0 0 5 0
PowerPlay Forward
Center Left Wing Right Wing Time % Phy DF OF
1 Brendan Morrison Andreas Johansson Niclas Bergfors 60 1 1 3
2 Mats Sundin Markus Naslund Daniel Cleary 40 2 0 3
PowerPlay Defense
Defense Defense Time % Phy DF OF
1 Mattias Timander Niclas Havelid 60 1 2 2
2 Dave Tanabe Michal Rozsival 40 1 2 2
Penalty Kill 4 Players Forward
Center Wing Time % Phy DF OF
1 Daniel Briere Paul Gaustad 60 1 3 1
2 Boyd Devereaux Daniel Cleary 40 0 5 0
Penalty Kill 4 Players Defense
Defense Defense Time % Phy DF OF
1 Ole-Kristian Tollefsen Christian Laflamme 70 1 4 0
2 Dave Tanabe Michal Rozsival 30 1 3 1
Penalty Kill - 3 Players Forward
Forward Time % Phy DF OF
1 Daniel Briere 60 0 5 0
2 Boyd Devereaux 40 0 5 0
Penalty Kill - 3 Players Defense
Defense Defense Time % Phy DF OF
1 Ole-Kristian Tollefsen Christian Laflamme 70 1 4 0
2 Dave Tanabe Michal Rozsival 30 1 4 0
4 vs 4 Forward
Center Wing Time % Phy DF OF
1 Mats Sundin Markus Naslund 60 1 1 3
2 Daniel Briere Brendan Morrison 40 1 1 3
4 vs 4 Defense
Defense Defense Time % Phy DF OF
1 Mattias Timander Niclas Havelid 60 1 3 1
2 Dave Tanabe Michal Rozsival 40 1 3 1
Last Minutes Offensive
Center Left Wing Right Wing Defense Defense
Daniel Briere Markus Naslund Mats Sundin Brendan Morrison Michal Rozsival
Last Minutes Defensive
Center Left Wing Right Wing Defense Defense
Daniel Briere Markus Naslund Paul Gaustad Ole-Kristian Tollefsen Christian Laflamme
Goaltenders
Starting : Niklas Backstrom
Backup : Scott Clemmensen
Extra Forwards
Normal : Ladislav Nagy, Niklas Sundstrom, Martin Sonnenberg - PP : Daniel Briere, Paul Gaustad - PK : Markus Naslund
Extra Defensemen
Normal : Ole-Kristian Tollefsen, Christian Laflamme, Michal Rozsival - PP : Ole-Kristian Tollefsen - PK : Mattias Timander, Niclas Havelid
Penalty Shots
Mats Sundin, Markus Naslund, Daniel Briere, Niclas Bergfors, Ladislav Nagy
% Time on Ice - Whalers
Lines # - Real PCT - Wanted PCT - Time Play
Normal Forward
1 - 33% - 40% - 13:50
2 - 27% - 30% - 11:08
3 - 17% - 20% - 7:11
4 - 22% - 10% - 9:12
Normal Defense
1 - 40% - 40% - 16:23
2 - 31% - 30% - 12:58
3 - 26% - 20% - 10:40
4 - 3% - 10% - 1:20
PP Forward
1 - 56% - 60% - 2:13
2 - 44% - 40% - 1:45
PP Defense
1 - 65% - 60% - 2:34
2 - 35% - 40% - 1:24
PK Forward
1 - 74% - 60% - 8:14
2 - 26% - 40% - 2:55
PK Defense
1 - 56% - 60% - 6:17
2 - 44% - 40% - 4:52
PK3 Forward
1 - 100% - 60% - 0:27
2 - 0% - 40% - 0:00
PK3 Defense
1 - 100% - 60% - 0:27
2 - 0% - 40% - 0:00
44 Forward
1 - 86% - 60% - 1:35
2 - 14% - 40% - 0:15
44 Defense
1 - 80% - 60% - 1:28
2 - 20% - 40% - 0:22
Last Minute Offensive - 0:00
Last Minute Defensive - 1:15
Total
Forward - 60:00
Defense - 60:00
|
% Time on Ice - Sabres
Lines # - Real PCT - Wanted PCT - Time Play
Normal Forward
1 - 29% - 32% - 12:11
2 - 25% - 28% - 10:12
3 - 22% - 26% - 8:59
4 - 24% - 14% - 10:00
Normal Defense
1 - 37% - 36% - 15:28
2 - 34% - 34% - 14:15
3 - 28% - 30% - 11:39
4 - 0% - 0% - 0:00
PP Forward
1 - 60% - 60% - 6:53
2 - 40% - 40% - 4:34
PP Defense
1 - 63% - 60% - 7:13
2 - 37% - 40% - 4:14
PK Forward
1 - 78% - 60% - 3:06
2 - 22% - 40% - 0:52
PK Defense
1 - 68% - 70% - 2:41
2 - 32% - 30% - 1:17
PK3 Forward
1 - 0% - 60%
2 - 0% - 40%
PK3 Defense
1 - 0% - 70%
2 - 0% - 30%
44 Forward
1 - 88% - 60% - 1:45
2 - 12% - 40% - 0:14
44 Defense
1 - 82% - 60% - 1:37
2 - 18% - 40% - 0:22
Last Minute Offensive - 1:14
Last Minute Defensive - 0:00
Total
Forward - 60:00
Defense - 60:00
|
Play by Play
1st period
0:01 of 1st period - Pavel Datsyuk wins face-off versus Mats Sundin in neutral zone.
0:25 of 1st period - Filip Kuba is hit by Michal Rozsival and loses puck.
0:34 of 1st period - Snap shot by Niclas Bergfors.
0:34 of 1st period - Stopped by Jonas Hiller with a rebound.
0:59 of 1st period - Wrist shot by Niklas Sundstrom.
0:59 of 1st period - Stopped by Jonas Hiller without a rebound.
1:00 of 1st period - Brendan Morrison wins face-off versus Sami Kapanen in Whalers zone.
1:11 of 1st period - Richard Jackman is hit by Andreas Johansson and loses puck.
1:36 of 1st period - Slapshot by Niclas Bergfors.
1:36 of 1st period - Shot Misses the Net.
2:35 of 1st period - Off-side.
2:36 of 1st period - Daniel Briere wins face-off versus Dominic Moore in neutral zone.
2:52 of 1st period - Icing by Daniel Briere.
2:53 of 1st period - Nils Ekman wins face-off versus Daniel Briere in Sabres zone.
3:10 of 1st period - Slapshot by Niclas Bergfors.
3:10 of 1st period - Shot Blocked by Darryl Sydor.
3:16 of 1st period - Wrist shot by Niclas Bergfors.
3:16 of 1st period - Stopped by Jonas Hiller without a rebound.
3:17 of 1st period - Michael Rupp wins face-off versus Mats Sundin in Whalers zone.
3:51 of 1st period - Icing by Mark Eaton.
3:52 of 1st period - Daniel Cleary wins face-off versus Dominic Moore in Whalers zone.
4:09 of 1st period - Snap shot by Chad Kilger.
4:09 of 1st period - Deflect By Dominic Moore.
4:09 of 1st period - Shot Misses the Net.
4:09 of 1st period - Puck is out of play.
4:10 of 1st period - Brendan Morrison wins face-off versus Pavel Datsyuk in Sabres zone.
4:10 of 1st period - Brendan Morrison is hit by Filip Kuba.
4:23 of 1st period - Snap shot by Pavel Datsyuk.
4:23 of 1st period - Shot Misses the Net.
4:25 of 1st period - Wrist shot by Antoine Vermette.
4:25 of 1st period - Shot Misses the Net.
4:26 of 1st period - Minor Penalty to Pavel Datsyuk for High sticking.
4:27 of 1st period - Sami Kapanen wins face-off versus Brendan Morrison in Whalers zone.
5:03 of 1st period - Off-side.
5:04 of 1st period - Antoine Vermette wins face-off versus Mats Sundin in neutral zone.
5:12 of 1st period - Off-side.
5:13 of 1st period - Brendan Morrison wins face-off versus Sami Kapanen in neutral zone.
5:29 of 1st period - Minor Penalty to Michal Rozsival for Interference.
5:30 of 1st period - Mats Sundin wins face-off versus Todd Bertuzzi in Sabres zone.
5:37 of 1st period - Slapshot by Mats Sundin.
5:37 of 1st period - Shot Misses the Net.
5:39 of 1st period - Wrist shot by Markus Naslund.
5:39 of 1st period - Shot Misses the Net.
5:41 of 1st period - Slapshot by Niclas Havelid.
5:41 of 1st period - Shot Misses the Net.
5:43 of 1st period - Slapshot by Mattias Timander.
5:43 of 1st period - Stopped by Jonas Hiller without a rebound.
5:44 of 1st period - Mats Sundin wins face-off versus Todd Bertuzzi in Whalers zone.
5:47 of 1st period - Snap shot by Mats Sundin.
5:47 of 1st period - Stopped by Jonas Hiller with a rebound.
5:49 of 1st period - Snap shot by Mattias Timander.
5:49 of 1st period - Stopped by Jonas Hiller without a rebound.
5:50 of 1st period - Mats Sundin wins face-off versus Ray Whitney in Whalers zone.
5:57 of 1st period - Snap shot by Markus Naslund.
5:57 of 1st period - Stopped by Jonas Hiller without a rebound.
5:58 of 1st period - Mats Sundin wins face-off versus Ray Whitney in Whalers zone.
6:16 of 1st period - Minor Penalty to Ray Whitney for Tripping.
6:17 of 1st period - Sami Kapanen wins face-off versus Mats Sundin in Whalers zone.
6:26 of 1st period - Penalty to Pavel Datsyuk is over, Pavel Datsyuk is back on ice.
6:30 of 1st period - Wrist shot by Sami Kapanen.
6:30 of 1st period - Shot Misses the Net.
6:32 of 1st period - Slapshot by Darryl Sydor.
6:32 of 1st period - Stopped by Niklas Backstrom without a rebound.
6:33 of 1st period - Pavel Datsyuk wins face-off versus Mats Sundin in Sabres zone.
7:06 of 1st period - Wrist shot by Brendan Morrison.
7:06 of 1st period - Deflect By Daniel Briere.
7:06 of 1st period - Stopped by Jonas Hiller without a rebound.
7:07 of 1st period - Pavel Datsyuk wins face-off versus Markus Naslund in Whalers zone.
7:09 of 1st period - Icing by Todd Bertuzzi.
7:10 of 1st period - Pavel Datsyuk wins face-off versus Mats Sundin in Whalers zone.
7:29 of 1st period - Penalty to Michal Rozsival is over, Michal Rozsival is back on ice.
7:40 of 1st period - Off-side.
7:41 of 1st period - Brendan Morrison wins face-off versus Antoine Vermette in neutral zone.
7:56 of 1st period - Slapshot by Niclas Bergfors.
7:56 of 1st period - Shot Blocked by Filip Kuba.
7:57 of 1st period - Minor Penalty to Todd Bertuzzi for Hooking.
7:58 of 1st period - Brendan Morrison wins face-off versus Pavel Datsyuk in Whalers zone.
7:59 of 1st period - Snap shot by Andreas Johansson.
7:59 of 1st period - Stopped by Jonas Hiller with a rebound.
8:01 of 1st period - Snap shot by Niclas Havelid.
8:01 of 1st period - Stopped by Jonas Hiller with a rebound.
8:03 of 1st period - Slapshot by Niclas Havelid.
8:03 of 1st period - Stopped by Jonas Hiller without a rebound.
8:04 of 1st period - Pavel Datsyuk wins face-off versus Brendan Morrison in Whalers zone.
8:16 of 1st period - Penalty to Ray Whitney is over, Ray Whitney is back on ice.
8:17 of 1st period - Wrist shot by Niclas Bergfors.
8:17 of 1st period - Stopped by Jonas Hiller without a rebound.
8:18 of 1st period - Brendan Morrison wins face-off versus Pavel Datsyuk in Whalers zone.
8:19 of 1st period - Snap shot by Andreas Johansson.
8:19 of 1st period - Shot Misses the Net.
8:21 of 1st period - Wrist shot by Brendan Morrison.
8:21 of 1st period - Deflect By Andreas Johansson.
8:21 of 1st period - Stopped by Jonas Hiller with a rebound.
8:43 of 1st period - Andy McDonald is hit by Mattias Timander and loses puck.
9:57 of 1st period - Penalty to Todd Bertuzzi is over, Todd Bertuzzi is back on ice.
10:06 of 1st period - Snap shot by Todd Bertuzzi.
10:06 of 1st period - Shot Blocked by Niklas Sundstrom.
10:08 of 1st period - Slapshot by Dominic Moore.
10:08 of 1st period - Stopped by Niklas Backstrom without a rebound.
10:09 of 1st period - Boyd Devereaux wins face-off versus Joffrey Lupul in Sabres zone.
10:40 of 1st period - Snap shot by Ladislav Nagy.
10:40 of 1st period - Shot Misses the Net.
11:06 of 1st period - Slapshot by Joffrey Lupul.
11:06 of 1st period - Stopped by Niklas Backstrom with a rebound.
11:08 of 1st period - Slapshot by Richard Jackman.
11:08 of 1st period - Shot Blocked by Christian Laflamme.
11:10 of 1st period - Backhand shot by Jaroslav Spacek.
11:10 of 1st period - Stopped by Niklas Backstrom with a rebound.
11:22 of 1st period - Snap shot by Joffrey Lupul.
11:22 of 1st period - Goal by Joffrey Lupul - Whalers : 1 - Sabres : 0.
11:23 of 1st period - Pavel Datsyuk wins face-off versus Mats Sundin in neutral zone.
11:36 of 1st period - Wrist shot by Pavel Datsyuk.
11:36 of 1st period - Shot Blocked by Ole-Kristian Tollefsen.
11:50 of 1st period - Slapshot by Andy McDonald.
11:50 of 1st period - Shot Misses the Net.
11:52 of 1st period - Slapshot by Mark Eaton.
11:52 of 1st period - Shot Misses the Net.
11:54 of 1st period - Slapshot by Andy McDonald.
11:54 of 1st period - Stopped by Niklas Backstrom with a rebound.
11:56 of 1st period - Slapshot by Mark Eaton.
11:56 of 1st period - Shot Misses the Net.
12:23 of 1st period - Jay McKee is hit by Andreas Johansson and loses puck.
13:06 of 1st period - Darryl Sydor is hit by Andreas Johansson and loses puck.
14:04 of 1st period - Minor Penalty to Ray Whitney for Hooking.
14:05 of 1st period - Brendan Morrison wins face-off versus Pavel Datsyuk in Whalers zone.
16:04 of 1st period - Penalty to Ray Whitney is over, Ray Whitney is back on ice.
16:20 of 1st period - Snap shot by Sami Kapanen.
16:20 of 1st period - Shot Blocked by Ole-Kristian Tollefsen.
17:31 of 1st period - Slapshot by Filip Kuba.
17:31 of 1st period - Stopped by Niklas Backstrom without a rebound.
17:32 of 1st period - Brendan Morrison wins face-off versus Chad Kilger in Sabres zone.
17:32 of 1st period - Brendan Morrison is hit by Chad Kilger.
17:46 of 1st period - Slapshot by Darryl Sydor.
17:46 of 1st period - Stopped by Niklas Backstrom with a rebound.
18:29 of 1st period - Slapshot by Pavel Datsyuk.
18:29 of 1st period - Shot Misses the Net.
18:31 of 1st period - Snap shot by Filip Kuba.
18:31 of 1st period - Shot Blocked by Ole-Kristian Tollefsen.
18:43 of 1st period - Snap shot by Markus Naslund.
18:43 of 1st period - Shot Misses the Net.
18:49 of 1st period - Snap shot by Chris Kelly.
18:49 of 1st period - Stopped by Niklas Backstrom with a rebound.
18:51 of 1st period - Backhand shot by Andy McDonald.
18:51 of 1st period - Stopped by Niklas Backstrom without a rebound.
18:52 of 1st period - Pavel Datsyuk wins face-off versus Mats Sundin in Sabres zone.
19:07 of 1st period - Snap shot by Markus Naslund.
19:07 of 1st period - Stopped by Jonas Hiller with a rebound.
19:17 of 1st period - Niclas Havelid is hit by Chris Kelly.
19:41 of 1st period - Backhand shot by Michael Rupp.
19:41 of 1st period - Shot Misses the Net.
19:43 of 1st period - Wrist shot by Ray Whitney.
19:43 of 1st period - Stopped by Niklas Backstrom without a rebound.
19:44 of 1st period - Pavel Datsyuk wins face-off versus Daniel Briere in Sabres zone.
19:57 of 1st period - Wrist shot by Daniel Briere.
19:57 of 1st period - Stopped by Jonas Hiller with a rebound.
19:59 of 1st period - Slapshot by Niclas Havelid.
19:59 of 1st period - Deflect By Daniel Briere.
19:59 of 1st period - Stopped by Jonas Hiller without a rebound.
2nd period
0:01 of 2nd period - Mats Sundin wins face-off versus Pavel Datsyuk in neutral zone.
0:10 of 2nd period - Slapshot by Mats Sundin.
0:10 of 2nd period - Deflect By Markus Naslund.
0:10 of 2nd period - Goal by Markus Naslund - Whalers : 1 - Sabres : 1.
0:11 of 2nd period - Pavel Datsyuk wins face-off versus Mats Sundin in neutral zone.
1:05 of 2nd period - Snap shot by Michael Rupp.
1:05 of 2nd period - Shot Misses the Net.
1:19 of 2nd period - Snap shot by Daniel Cleary.
1:19 of 2nd period - Stopped by Jonas Hiller with a rebound.
1:21 of 2nd period - Slapshot by Niclas Havelid.
1:21 of 2nd period - Shot Misses the Net.
1:23 of 2nd period - Snap shot by Mats Sundin.
1:23 of 2nd period - Shot Blocked by Mark Eaton.
1:25 of 2nd period - Snap shot by Mats Sundin.
1:25 of 2nd period - Stopped by Jonas Hiller with a rebound.
1:41 of 2nd period - Snap shot by Andreas Johansson.
1:41 of 2nd period - Stopped by Jonas Hiller with a rebound.
2:01 of 2nd period - Wrist shot by Pavel Datsyuk.
2:01 of 2nd period - Deflect By Todd Bertuzzi.
2:01 of 2nd period - Stopped by Niklas Backstrom with a rebound.
2:03 of 2nd period - Slapshot by Mark Eaton.
2:03 of 2nd period - Stopped by Niklas Backstrom with a rebound.
2:05 of 2nd period - Wrist shot by Antoine Vermette.
2:05 of 2nd period - Goal by Antoine Vermette - Whalers : 2 - Sabres : 1.
2:06 of 2nd period - Mats Sundin wins face-off versus Pavel Datsyuk in neutral zone.
2:55 of 2nd period - Wrist shot by Daniel Briere.
2:55 of 2nd period - Stopped by Jonas Hiller without a rebound.
2:56 of 2nd period - Daniel Briere wins face-off versus Antoine Vermette in Whalers zone.
2:59 of 2nd period - Snap shot by Niclas Bergfors.
2:59 of 2nd period - Stopped by Jonas Hiller without a rebound.
3:00 of 2nd period - Pavel Datsyuk wins face-off versus Mats Sundin in Whalers zone.
4:06 of 2nd period - Minor Penalty to Mark Eaton for Hooking.
4:07 of 2nd period - Pavel Datsyuk wins face-off versus Brendan Morrison in Whalers zone.
4:22 of 2nd period - Wrist shot by Brendan Morrison.
4:22 of 2nd period - Stopped by Jonas Hiller without a rebound.
4:23 of 2nd period - Mats Sundin wins face-off versus Pavel Datsyuk in Whalers zone.
4:36 of 2nd period - Snap shot by Pavel Datsyuk.
4:36 of 2nd period - Stopped by Niklas Backstrom without a rebound.
4:37 of 2nd period - Pavel Datsyuk wins face-off versus Brendan Morrison in Sabres zone.
5:45 of 2nd period - Jaroslav Spacek is hit by Andreas Johansson and loses puck.
6:06 of 2nd period - Penalty to Mark Eaton is over, Mark Eaton is back on ice.
6:26 of 2nd period - Mark Eaton is hit by Niclas Havelid and loses puck.
8:07 of 2nd period - Wrist shot by Ladislav Nagy.
8:07 of 2nd period - Shot Misses the Net.
8:21 of 2nd period - Wrist shot by Nils Ekman.
8:21 of 2nd period - Stopped by Niklas Backstrom with a rebound.
8:23 of 2nd period - Snap shot by Nils Ekman.
8:23 of 2nd period - Stopped by Niklas Backstrom without a rebound.
8:24 of 2nd period - Pavel Datsyuk wins face-off versus Daniel Briere in Sabres zone.
9:21 of 2nd period - Michael Rupp is hit by Niclas Havelid and loses puck.
10:02 of 2nd period - Wrist shot by Andy McDonald.
10:02 of 2nd period - Shot Misses the Net.
10:04 of 2nd period - Wrist shot by Andy McDonald.
10:04 of 2nd period - Shot Misses the Net.
10:17 of 2nd period - Off-side.
10:18 of 2nd period - Dominic Moore wins face-off versus Daniel Briere in neutral zone.
10:23 of 2nd period - Slapshot by Filip Kuba.
10:23 of 2nd period - Stopped by Niklas Backstrom with a rebound.
10:25 of 2nd period - Slapshot by Darryl Sydor.
10:25 of 2nd period - Shot Misses the Net.
10:49 of 2nd period - Slapshot by Todd Bertuzzi.
10:49 of 2nd period - Shot Misses the Net.
11:32 of 2nd period - Snap shot by Niklas Sundstrom.
11:32 of 2nd period - Stopped by Jonas Hiller without a rebound.
11:33 of 2nd period - Niclas Bergfors wins face-off versus Pavel Datsyuk in Whalers zone.
11:34 of 2nd period - Wrist shot by Daniel Briere.
11:34 of 2nd period - Stopped by Jonas Hiller with a rebound.
11:36 of 2nd period - Wrist shot by Dave Tanabe.
11:36 of 2nd period - Stopped by Jonas Hiller without a rebound.
11:37 of 2nd period - Daniel Briere wins face-off versus Pavel Datsyuk in Whalers zone.
12:06 of 2nd period - Wrist shot by Andy McDonald.
12:06 of 2nd period - Deflect By Markus Naslund.
12:06 of 2nd period - Goal by Andy McDonald - Whalers : 3 - Sabres : 1.
12:07 of 2nd period - Pavel Datsyuk wins face-off versus Markus Naslund in neutral zone.
12:10 of 2nd period - Slapshot by Darryl Sydor.
12:10 of 2nd period - Stopped by Niklas Backstrom without a rebound.
12:11 of 2nd period - Pavel Datsyuk wins face-off versus Mats Sundin in Sabres zone.
12:24 of 2nd period - Wrist shot by Todd Bertuzzi.
12:24 of 2nd period - Stopped by Niklas Backstrom with a rebound.
12:26 of 2nd period - Slapshot by Antoine Vermette.
12:26 of 2nd period - Stopped by Niklas Backstrom with a rebound.
12:55 of 2nd period - Slapshot by Daniel Briere.
12:55 of 2nd period - Stopped by Jonas Hiller with a rebound.
13:45 of 2nd period - Minor Penalty to Daniel Cleary for Hooking.
13:46 of 2nd period - Daniel Briere wins face-off versus Pavel Datsyuk in Sabres zone.
14:18 of 2nd period - Slapshot by Filip Kuba.
14:18 of 2nd period - Shot Blocked by Ole-Kristian Tollefsen.
14:20 of 2nd period - Snap shot by Nils Ekman.
14:20 of 2nd period - Shot Misses the Net.
14:22 of 2nd period - Slapshot by Filip Kuba.
14:22 of 2nd period - Shot Misses the Net.
14:48 of 2nd period - Slapshot by Andreas Johansson.
14:48 of 2nd period - Deflect By Nils Ekman.
14:48 of 2nd period - Goal by Andreas Johansson - Whalers : 3 - Sabres : 2.
14:49 of 2nd period - Daniel Briere wins face-off versus Todd Bertuzzi in neutral zone.
15:39 of 2nd period - Michal Rozsival is hit by Todd Bertuzzi and loses puck.
15:45 of 2nd period - Penalty to Daniel Cleary is over, Daniel Cleary is back on ice.
16:26 of 2nd period - Wrist shot by Brendan Morrison.
16:26 of 2nd period - Shot Misses the Net.
16:28 of 2nd period - Wrist shot by Brendan Morrison.
16:28 of 2nd period - Shot Misses the Net.
16:30 of 2nd period - Wrist shot by Brendan Morrison.
16:30 of 2nd period - Shot Misses the Net.
16:44 of 2nd period - Andy McDonald is hit by Daniel Cleary and loses puck.
17:03 of 2nd period - Paul Gaustad is hit by Richard Jackman and loses puck.
17:51 of 2nd period - Boyd Devereaux is hit by Nils Ekman and loses puck.
17:58 of 2nd period - Andy McDonald is hit by Boyd Devereaux and loses puck.
18:20 of 2nd period - Michael Rupp is hit by Mats Sundin and loses puck.
18:43 of 2nd period - Off-side.
18:44 of 2nd period - Pavel Datsyuk wins face-off versus Brendan Morrison in neutral zone.
18:47 of 2nd period - Slapshot by Antoine Vermette.
18:47 of 2nd period - Stopped by Niklas Backstrom without a rebound.
18:48 of 2nd period - Pavel Datsyuk wins face-off versus Brendan Morrison in Sabres zone.
18:51 of 2nd period - Snap shot by Pavel Datsyuk.
18:51 of 2nd period - Stopped by Niklas Backstrom without a rebound.
18:52 of 2nd period - Brendan Morrison wins face-off versus Todd Bertuzzi in Sabres zone.
19:01 of 2nd period - Snap shot by Pavel Datsyuk.
19:01 of 2nd period - Shot Misses the Net.
19:03 of 2nd period - Snap shot by Pavel Datsyuk.
19:03 of 2nd period - Stopped by Niklas Backstrom with a rebound.
19:05 of 2nd period - Slapshot by Pavel Datsyuk.
19:05 of 2nd period - Stopped by Niklas Backstrom with a rebound.
19:07 of 2nd period - Snap shot by Antoine Vermette.
19:07 of 2nd period - Shot Misses the Net.
3rd period
0:01 of 3rd period - Pavel Datsyuk wins face-off versus Mats Sundin in neutral zone.
0:26 of 3rd period - Filip Kuba is hit by Andreas Johansson and loses puck.
1:45 of 3rd period - Wrist shot by Brendan Morrison.
1:45 of 3rd period - Shot Blocked by Chris Kelly.
1:50 of 3rd period - Off-side.
1:51 of 3rd period - Chris Kelly wins face-off versus Mats Sundin in neutral zone.
1:56 of 3rd period - Slapshot by Darryl Sydor.
1:56 of 3rd period - Stopped by Niklas Backstrom with a rebound.
1:58 of 3rd period - Snap shot by Andy McDonald.
1:58 of 3rd period - Stopped by Niklas Backstrom without a rebound.
1:59 of 3rd period - Chris Kelly wins face-off versus Mats Sundin in Sabres zone.
2:43 of 3rd period - Minor Penalty to Chris Kelly for Tripping.
2:44 of 3rd period - Pavel Datsyuk wins face-off versus Brendan Morrison in Whalers zone.
2:59 of 3rd period - Snap shot by Pavel Datsyuk.
2:59 of 3rd period - Shot Misses the Net.
3:56 of 3rd period - Snap shot by Andy McDonald.
3:56 of 3rd period - Deflect By Sami Kapanen.
3:56 of 3rd period - Stopped by Niklas Backstrom with a rebound.
4:14 of 3rd period - Jay McKee is hit by Daniel Cleary and loses puck.
4:39 of 3rd period - Jay McKee is hit by Niklas Sundstrom.
4:43 of 3rd period - Penalty to Chris Kelly is over, Chris Kelly is back on ice.
4:49 of 3rd period - Snap shot by Ladislav Nagy.
4:49 of 3rd period - Shot Blocked by Darryl Sydor.
4:51 of 3rd period - Slapshot by Michal Rozsival.
4:51 of 3rd period - Deflect By Ladislav Nagy.
4:51 of 3rd period - Shot Misses the Net.
4:51 of 3rd period - Puck is out of play.
4:52 of 3rd period - Dominic Moore wins face-off versus Boyd Devereaux in Whalers zone.
5:01 of 3rd period - Backhand shot by Ladislav Nagy.
5:01 of 3rd period - Shot Misses the Net.
5:03 of 3rd period - Snap shot by Ladislav Nagy.
5:03 of 3rd period - Stopped by Jonas Hiller with a rebound.
5:21 of 3rd period - Snap shot by Ladislav Nagy.
5:21 of 3rd period - Shot Misses the Net.
5:23 of 3rd period - Slapshot by Mattias Timander.
5:23 of 3rd period - Stopped by Jonas Hiller with a rebound.
5:25 of 3rd period - Slapshot by Niclas Havelid.
5:25 of 3rd period - Shot Blocked by Chad Kilger.
5:27 of 3rd period - Snap shot by Niklas Sundstrom.
5:27 of 3rd period - Shot Misses the Net.
5:29 of 3rd period - Snap shot by Niklas Sundstrom.
5:29 of 3rd period - Stopped by Jonas Hiller with a rebound.
5:37 of 3rd period - Icing by Ladislav Nagy.
5:38 of 3rd period - Chris Kelly wins face-off versus Boyd Devereaux in Sabres zone.
6:01 of 3rd period - Todd Bertuzzi is hit by Ole-Kristian Tollefsen.
6:09 of 3rd period - Wrist shot by Darryl Sydor.
6:09 of 3rd period - Shot Misses the Net.
6:11 of 3rd period - Snap shot by Pavel Datsyuk.
6:11 of 3rd period - Stopped by Niklas Backstrom without a rebound.
6:12 of 3rd period - Daniel Briere wins face-off versus Pavel Datsyuk in Sabres zone.
6:19 of 3rd period - Jay McKee is hit by Christian Laflamme and loses puck.
6:26 of 3rd period - Wrist shot by Antoine Vermette.
6:26 of 3rd period - Stopped by Niklas Backstrom without a rebound.
6:27 of 3rd period - Brendan Morrison wins face-off versus Chris Kelly in Sabres zone.
6:37 of 3rd period - Off-side.
6:38 of 3rd period - Daniel Briere wins face-off versus Pavel Datsyuk in neutral zone.
6:49 of 3rd period - Slapshot by Filip Kuba.
6:49 of 3rd period - Stopped by Niklas Backstrom without a rebound.
6:50 of 3rd period - Mats Sundin wins face-off versus Pavel Datsyuk in Sabres zone.
7:05 of 3rd period - Snap shot by Dave Tanabe.
7:05 of 3rd period - Stopped by Jonas Hiller with a rebound.
8:08 of 3rd period - Icing by Chad Kilger.
8:09 of 3rd period - Mats Sundin wins face-off versus Joffrey Lupul in Whalers zone.
8:45 of 3rd period - Slapshot by Antoine Vermette.
8:45 of 3rd period - Stopped by Niklas Backstrom without a rebound.
8:46 of 3rd period - Mats Sundin wins face-off versus Chris Kelly in Sabres zone.
8:46 of 3rd period - Mats Sundin is hit by Andy McDonald.
9:04 of 3rd period - Daniel Cleary is hit by Nils Ekman and loses puck.
9:21 of 3rd period - Snap shot by Martin Sonnenberg.
9:21 of 3rd period - Stopped by Jonas Hiller with a rebound.
9:23 of 3rd period - Wrist shot by Martin Sonnenberg.
9:23 of 3rd period - Shot Misses the Net.
9:25 of 3rd period - Snap shot by Andreas Johansson.
9:25 of 3rd period - Shot Blocked by Antoine Vermette.
11:33 of 3rd period - Snap shot by Pavel Datsyuk.
11:33 of 3rd period - Stopped by Niklas Backstrom with a rebound.
11:37 of 3rd period - Snap shot by Pavel Datsyuk.
11:37 of 3rd period - Shot Blocked by Markus Naslund.
11:39 of 3rd period - Slapshot by Pavel Datsyuk.
11:39 of 3rd period - Shot Misses the Net.
11:41 of 3rd period - Slapshot by Todd Bertuzzi.
11:41 of 3rd period - Stopped by Niklas Backstrom without a rebound.
11:42 of 3rd period - Martin Sonnenberg wins face-off versus Chris Kelly in Sabres zone.
12:07 of 3rd period - Niclas Havelid is hit by Darryl Sydor and loses puck.
12:09 of 3rd period - Minor Penalty to Andreas Johansson for Roughing.
12:10 of 3rd period - Chris Kelly wins face-off versus Daniel Briere in Sabres zone.
12:49 of 3rd period - Todd Bertuzzi is hit by Boyd Devereaux and loses puck.
13:42 of 3rd period - Dave Tanabe is hit by Nils Ekman and loses puck.
14:09 of 3rd period - Penalty to Andreas Johansson is over, Andreas Johansson is back on ice.
14:12 of 3rd period - Wrist shot by Andreas Johansson.
14:12 of 3rd period - Shot Blocked by Joffrey Lupul.
14:18 of 3rd period - Snap shot by Markus Naslund.
14:18 of 3rd period - Shot Blocked by Ray Whitney.
14:20 of 3rd period - Backhand shot by Ole-Kristian Tollefsen.
14:20 of 3rd period - Deflect By Michael Rupp.
14:20 of 3rd period - Stopped by Jonas Hiller without a rebound.
14:21 of 3rd period - Dominic Moore wins face-off versus Brendan Morrison in Whalers zone.
14:21 of 3rd period - Dominic Moore is hit by Niclas Havelid.
14:45 of 3rd period - Snap shot by Niklas Sundstrom.
14:45 of 3rd period - Stopped by Jonas Hiller without a rebound.
14:46 of 3rd period - Michael Rupp wins face-off versus Boyd Devereaux in Whalers zone.
14:51 of 3rd period - Minor Penalty to Ray Whitney for Hooking.
14:52 of 3rd period - Brendan Morrison wins face-off versus Pavel Datsyuk in Whalers zone.
14:55 of 3rd period - Wrist shot by Brendan Morrison.
14:55 of 3rd period - Shot Blocked by Darryl Sydor.
14:57 of 3rd period - Slapshot by Niclas Havelid.
14:57 of 3rd period - Shot Blocked by Todd Bertuzzi.
14:59 of 3rd period - Snap shot by Brendan Morrison.
14:59 of 3rd period - Stopped by Jonas Hiller without a rebound.
15:00 of 3rd period - Brendan Morrison wins face-off versus Pavel Datsyuk in Whalers zone.
16:51 of 3rd period - Penalty to Ray Whitney is over, Ray Whitney is back on ice.
17:21 of 3rd period - Slapshot by Dave Tanabe.
17:21 of 3rd period - Shot Misses the Net.
17:49 of 3rd period - Snap shot by Antoine Vermette.
17:49 of 3rd period - Deflect By Chris Kelly.
17:49 of 3rd period - Shot Blocked by Christian Laflamme.
17:49 of 3rd period - Puck is out of play.
17:50 of 3rd period - Mats Sundin wins face-off versus Michael Rupp in Sabres zone.
18:15 of 3rd period - Andy McDonald is hit by Paul Gaustad and loses puck.
18:32 of 3rd period - Todd Bertuzzi is hit by Niklas Sundstrom and loses puck.
19:00 of 3rd period - Sabres, Niklas Backstrom is pulled from the net.
19:28 of 3rd period - Wrist shot by Markus Naslund.
19:28 of 3rd period - Shot Misses the Net.
19:42 of 3rd period - Slapshot by Mats Sundin.
19:42 of 3rd period - Shot Blocked by Pavel Datsyuk.
19:44 of 3rd period - Slapshot by Christian Laflamme.
19:44 of 3rd period - Stopped by Jonas Hiller with a rebound.
19:46 of 3rd period - Slapshot by Mats Sundin.
19:46 of 3rd period - Shot Misses the Net.
Output by the SimonT Hockey Simulator (STHS) for François Prévost -- Original Page W3C XHTML 1.0 Valid